 Dungeon Crawl Stone Soup version 0.17-a0-977-g4154171 (webtiles) character file.

51 RobertPalmer the Changer (level 3, -1/23 HPs)
             Began as an Octopode Transmuter on May 10, 2015.
             Slain by an adder (5 damage)
             ... on level 2 of the Dungeon.
             The game lasted 00:02:36 (1980 turns).

RobertPalmer the Changer (Octopode Transmuter)      Turns: 1980, Time: 00:02:37

Health: -1/23      AC:  1    Str:  9    XL:     3   Next: 83%
Magic:  5/6        EV: 12    Int: 15    God:
Gold:   42         SH:  0    Dex: 13    Spells: 3 memorised, 0 levels left

rFire  . . .     SeeInvis .       - Unarmed
rCold  . . .     Clarity  .     (no shield)
rNeg   . . .     SustAb   .     (helmet restricted)
rPois  .         Gourm    .     (no amulet)
rElec  .         Spirit   .     (no ring)
rCorr  .         Warding  .     (no ring)
rMut   .         Stasis   .     (no ring)
MR     .....                    (no ring)
Stlth  ++........               (no ring)
                                (no ring)
                                (no ring)
                                (no ring)

@: lethally poisoned (-1 -> -9), appendage, not resistant to hostile
enchantments, unstealthy
A: almost no armour, amphibious, 8 rings, constrict 8, tentacle spike 3,
camouflage 1, gelatinous body 1
a: End Transformation


You were on level 2 of the Dungeon.
You were not hungry.
One of your tentacles had a temporary spike.
You visited 1 branch of the dungeon, and saw 2 of its levels.

You collected 42 gold pieces.

Inventory:

Missiles
 a - 19 arrows
Scrolls
 e - a scroll of noise {unknown}
 h - a scroll of blinking {unknown}
 j - a scroll of fog {unknown}
 k - a scroll of teleportation {unknown}
 n - a scroll of immolation {unknown}
Potions
 f - a potion of agility {unknown}
 g - a potion of haste {unknown}
 i - 2 potions of flight
 m - a potion of cancellation {unknown}
Books
 b - a book of Changes
 l - a book of Hinderance
   (You found it on level 2 of the Dungeon)
Comestibles
 c - 2 bread rations {@e1}


   Skills:
 - Level 1.0 Fighting
 - Level 2.0 Dodging
 - Level 3.0 Unarmed Combat
 - Level 2.0 Spellcasting
 + Level 4.0 Transmutations


You couldn't memorise any spells.
You knew the following spells:

 Your Spells              Type           Power        Failure   Level  Hunger
a - Beastly Appendage     Trmt           ##....       4%          1    #......
c - Spider Form           Trmt/Pois      #.........   30%         3    ###....
s - Sticks to Snakes      Trmt           ##........   8%          2    ###....


Dungeon Overview and Level Annotations

Branches:
Dungeon (2/15)

Altars:

Annotations:
D:2 Terence


Innate Abilities, Weirdness & Mutations

You cannot wear most types of armour.
You are amphibious.
You can wear up to eight rings at the same time.
You can use your tentacles to constrict eight enemies at once.
Your skin changes colour to match your surroundings (Stealth).
Your rubbery body absorbs attacks (AC +1).
One of your tentacles bears a large vicious spike.


Message History

Level annotation: Terence
There is a stone staircase leading up here.
One of your tentacles grows a vicious spike.
You now have 5/6 mp.
Your transformation is almost over.
The giant gecko closely misses you.
You see here a robe.
You tentacle-slap the giant gecko. You grab the giant gecko.
You pierce the giant gecko.
You constrict the giant gecko. The giant gecko closely misses you.
You tentacle-slap the giant gecko but do no damage.
You constrict the giant gecko. The giant gecko completely misses you.
The giant gecko closely misses you.
You tentacle-slap the giant gecko.
You kill the giant gecko!
Your Transmutations skill increases to level 4!
A hobgoblin comes into view. It is wielding a club.
The giant gecko barely misses you. The giant gecko bites you.
You take 1 damage, and have 17/23 hp.
You tentacle-slap the giant gecko but do no damage.
You grab the giant gecko. Your squeeze misses the giant gecko.
You constrict the giant gecko. The giant gecko completely misses you.
MP restored: 6 You tentacle-slap the giant gecko but do no damage.
You pierce the giant gecko, but do no damage.
You constrict the giant gecko.
You kill the giant gecko!
The hobgoblin shouts!
Your tentacle spike disappears.
The hobgoblin hits you with a club.
You take 5 damage, and have 12/23 hp.
MASSIVE DAMAGE!!
You barely miss the hobgoblin. You grab the hobgoblin.
You tentacle-slap the hobgoblin, but do no damage.
You constrict the hobgoblin. The hobgoblin hits you with a club.
* * * LOW HITPOINT WARNING * * *
You take 6 damage, and have 6/23 hp.
MASSIVE DAMAGE!!
You tentacle-slap the hobgoblin.
You kill the hobgoblin!
Things that are here:
a club; a hobgoblin corpse You butcher the hobgoblin corpse.
Things that are here:
a club; 3 chunks of flesh {@w0}; a hobgoblin skeleton Eating one of 3 chunks of flesh {@w0}.
You are feeling hungry.
You continue eating. x2
You see here 9 gold pieces.
You see here a giant gecko corpse.
You butcher the giant gecko corpse.
You see here a chunk of flesh {@w0}.
Eating a chunk of flesh {@w0}.
You continue eating. x2
Autopickup is now on.
You now have 42 gold pieces (gained 9).
An adder comes into view.
You see here a scroll labeled VERUGO LECUIZ.
One of your tentacles grows a vicious spike.
The adder barely misses you.
You now have 5/6 mp.
Unknown command.
You barely miss the adder. Your grab misses the adder.
Your tentacle spike misses the adder.
The adder bites you.
* * * LOW HITPOINT WARNING * * *
The adder bites you.
* * * LOW HITPOINT WARNING * * *
You are lethally poisoned!
The adder poisons you!
You take 8 damage, and have 1/23 hp.
MASSIVE DAMAGE!!
Drink which item? (? for menu, Esc to quit)
You feel better. The adder bites you.
You are poisoned.
The adder poisons you!
You regained 9 hp, and now have 10/23 hp.
Drink which item? (? for menu, Esc to quit)
Okay, then.
You barely miss the adder. Your grab misses the adder.
You feel sick. The adder barely misses you.
You take 1 damage, and have 9/23 hp.
You miss the adder. Your grab misses the adder.
Your tentacle spike misses the adder.
The adder bites you.
You take 1 damage, and have 8/23 hp.
You barely miss the adder. Your grab misses the adder.
The adder closely misses you. The adder bites you.
* * * LOW HITPOINT WARNING * * *
You are lethally poisoned!
The adder poisons you!
You take 2 damage, and have 6/23 hp.
You tentacle-slap the adder. Your grab misses the adder.
Your squeeze misses the adder.
* * * LOW HITPOINT WARNING * * *
You feel sick. The adder closely misses you.
You take 1 damage, and have 5/23 hp.
Unknown command.
You miss the adder. Your grab misses the adder. Your squeeze misses the adder.
* * * LOW HITPOINT WARNING * * *
You feel sick. The adder bites you.
You die...

#.. #.# #.. #.#
... #.# #.. #.#
#.##.# #.##..#.#
.......S### #@..#
#...# #?..#
....... ###+#...##
....... #........#
...... +........#
#....
####........#
#...##.<#........#
#...#...#........#


You could see an adder.

Vanquished Creatures
  2 adders (D:2)
  An ooze (D:2)
  2 giant geckos (D:2)
  A giant cockroach (D:1)
  3 goblins
  3 hobgoblins
  A jackal (D:1)
  3 kobolds (D:1)
  A ball python (D:1)
  3 bats
  3 giant newts
  4 rats
27 creatures vanquished.

Vanquished Creatures (collateral kills)
  A giant gecko (D:2)
1 creature vanquished.

Grand Total: 28 creatures vanquished

Notes
Turn   | Place    | Note
--------------------------------------------------------------
     0 | D:1      | RobertPalmer, the Octopode Transmuter, began the quest for the Orb.
     0 | D:1      | Reached XP level 1. HP: 13/13 MP: 3/3
   426 | D:1      | Reached XP level 2. HP: 16/18 MP: 5/5
   708 | D:1      | Reached skill level 3 in Transmutations
  1157 | D:2      | Reached XP level 3. HP: 16/23 MP: 4/6
  1391 | D:2      | Noticed Terence
  1396 | D:2      | Learned a level 2 spell: Sticks to Snakes
  1400 | D:2      | Learned a level 3 spell: Spider Form
  1429 | D:2      | HP: 5/23 [giant gecko (4)]
  1445 | D:2      | HP: 5/23 [Terence/wand of flame (6)]
  1757 | D:1      | HP: 5/23 [poisoned by an adder]
  1932 | D:2      | Reached skill level 4 in Transmutations
  1974 | D:2      | HP: 5/23 [adder (4)]
  1974 | D:2      | HP: 1/23 [adder (4)]
  1979 | D:2      | HP: 5/23 [poisoned by an adder]
  1980 | D:2      | Slain by an adder

Vault maps used:
D:1:      tarquinn_simple_flora_water_b, minmay_surrounded
D:2:      serial_undead, serial_undead_b, serial_undead_a, serial_undead_f,
          serial_undead_f, grunt_ministairs_6, uniq_terence

Action                   || total
-------------------------++-------
Melee: Unarmed           ||    68
 Cast: Beastly Appendage ||    10
       Sticks to Snakes  ||     5
  Use: Potion            ||     3
 Stab: Sleeping          ||     5
  Eat: Chunk             ||     4

Vault maps used:
D:1:      tarquinn_simple_flora_water_b, minmay_surrounded
D:2:      serial_undead, serial_undead_b, serial_undead_a, serial_undead_f,
          serial_undead_f, grunt_ministairs_6, uniq_terence

Table legend:
 A = Turns spent in this place as a percentage of turns spent in the entire game.
 B = Non-inter-level travel turns spent in this place as a percentage of non-inter-level travel turns spent in the entire game.
 C = Inter-level travel turns spent in this place as a percentage of turns spent in this place.
 D = Turns resting spent in this place as a percentage of non-inter-level travel turns spent in this place.
 E = Turns spent auto-exploring this place as a percentage of non-inter-level travel turns spent in this place.
 F = Non-inter-level travel turns spent in this place divided by the number of levels of this place that you've seen.
                   A       B       C       D       E      F
               +-------+-------+-------+-------+-------+----------------------
         Total | 100.0 | 100.0 |   0.5 |   5.7 |   8.6 | 209.0
       Dungeon | 100.0 | 100.0 |   0.5 |   5.7 |   8.6 | 209.0
               +-------+-------+-------+-------+-------+----------------------

Table legend:
 A = Kills in this place as a percentage of kills in entire the game.
 B = Kills by you in this place as a percentage of kills by you in the entire game.
 C = Kills by friends in this place as a percentage of kills by friends in the entire game.
 D = Other kills in this place as a percentage of other kills in the entire game.
 E = Experience gained in this place as a percentage of experience gained in the entire game.
 F = Experience gained in this place divided by the number of levels of this place that you have seen.
                   A       B       C       D       E      F
               +-------+-------+-------+-------+-------+----------------------
         Total | 100.0 | 100.0 | 100.0 |  -nan | 100.0 |  37.0
       Dungeon | 100.0 | 100.0 | 100.0 |  -nan | 100.0 |  37.0
               +-------+-------+-------+-------+-------+----------------------
